[Event "Late-Titled-Tuesday-Blitz-April-16-2024"]
[Site "Chess.com"]
[Date "2024.04.16"]
[Round "11"]
[White "ansko1999"]
[Black "FMYiLiu"]
[Result "1/2-1/2"]
[WhiteElo "2581"]
[BlackElo "2484"]
[TimeControl "180+1"]
[EndTime "16:07:05 PDT"]
[Termination "Game drawn by 50-move rule"]

1. Nf3 d5 2. b3 Bf5 3. Bb2 e6 4.
g3 Nf6 5. Bg2 Be7 6. O-O O-O 7. c4 c5 8. cxd5 Nxd5 9. Re1 Bf6 10. Qc1 Bxb2 11. Qxb2 Qf6 12. Nc3 Nxc3 13. dxc3 Nc6 14.
Qa3 Qxc3 15. Rac1 Qb4 16. Qxb4 cxb4 17. Nh4 Rac8 18. Nxf5 exf5 19. Rc4 a5 20. Rec1 g6 21.
Bxc6 bxc6 22. Rxc6 Rxc6 23. Rxc6 Rd8 24. Rc5 Rd2 25. Rxa5 Rxe2 26. h4 h5 27. Kg2 Kg7 28. Kf3 Rb2 29. Ra4 Rc2 30. Ke3 Rb2 31. Rxb4 Rxa2 32.
Rb7 Rb2 33. b4 Kh6 34. b5 f6 35. f4 Rb3+ 36. Kf2 Rb2+ 37. Kf1 Rb3 38. Kg2 Rb2+ 39. Kh3 Rc2 40. Rb8 Kg7 41. b6 Rb2 42. Rb7+ Kh6 43. Rb8 Kg7 44. b7 Kh7 45. Rf8 Rxb7 46. Rxf6 Rb2 47.
Rd6 Kg7 48. Rd7+ Kf6 49. Rd6+ Kf7 50. Rd7+ Ke6 51. Ra7 Kf6 52. Ra6+ Kf7 53. Ra7+ Kf6 54. Ra6+ Kf7 55. Ra1 Kf6 56. Rf1 Ra2 57. Rf3 Rb2 58. Re3 Ra2 59. Re1 Rb2 60. Rf1 Ra2 61.
Rd1 Rb2 62. Rc1 Ra2 63. Rb1 Rc2 64. Ra1 Rb2 65. Rd1 Ra2 66. Rb1 Rc2 67. Rd1 Ra2 68.
Rc1 Rb2 69. Ra1 Rc2 70. Rd1 Rb2 71. Rd6+ Kf7 72. Ra6 Rc2 73. Ra5 Rb2 74. Ra4 Rc2 75. Ra3 Rb2 76. Ra1 Rc2 77. Rg1 Ra2 78. Rf1 Rb2 79.
Re1 Ra2 80. Rg1 Rb2 81. Rd1 Ra2 82. Rc1 Rb2 83. Rc3 Ra2 84. Re3 Rb2 85. Rc3 Ra2 86.
Rc4 Rb2 87. Rc7+ Kf6 88. Rc6+ Kf7 89. Rc7+ Kf6 90. Rc8 Kf7 91. Rd8 Kf6 92. Rf8+ Kg7 93. Rc8 Kf6 94. Rc6+ Kg7 95. Ra6 Kh6 96. Ra7 1/2-1/2

[Event "Late-Titled-Tuesday-Blitz-April-16-2024"]
[Site "Chess.com"]
[Date "2024.04.16"]
[Round "11"]
[White "Denisenko_Denis"]
[Black "zano2023"]
[Result "0-1"]
[WhiteElo "2418"]
[BlackElo "2212"]
[TimeControl "180+1"]
[EndTime "16:07:05 PDT"]
[Termination "zano2023 won by resignation"]

1. d4 d6 2. Bf4 Nd7 3. e3 e5 4.
Bg3 Ngf6 5. Nf3 e4 6. Nfd2 d5 7. c4 c6 8. Be2 Be7 9. O-O O-O 10. Nc3 Nb6 11. Qb3 dxc4 12. Nxc4 Nxc4 13. Bxc4 b5 14. Be2 a5 15. Qc2 Bf5 16. Rac1 Rc8 17. a4 b4 18. Nb1 c5 19. dxc5 Rxc5 20. Qd2 Rxc1 21. Rxc1 Qb6 22. Bc7 Qa7 23. Be5 Be6 24. Qd4 Qxd4 25. Bxd4 Nd5 26. Nd2 f5 27. Bb5 Rc8 28. Rxc8+ Bxc8 29. Nc4 Bd8 30. Kf1 Be6 31. Nd6 Bc7 32. Nb7 Kf7 33. g3 g5 34. Ke2 f4 35. gxf4 gxf4 36. exf4 Bg4+ 37. Kf1 Nxf4 38. h4 Nd3 39. Bc4+ Ke7 40. Nc5 Be5 41. Bxe5 Nxe5 42. Bg8 Nd3 43. Nxe4 Nxb2 44.
Bb3 Be6 45. Bxe6 Kxe6 46. Nc5+ Kd5 47. Nb7 Nxa4 48. Nxa5 Kc5 49. Ke2 Kb5 50. Nb3 Nc3+ 51. Kd3 Nd5 52. Kd4 Nf4 53. Ke4 Ng6 54. h5 Ne7 55. f4 Kc4 56. Na5+ Kb5 57. Nb3 Kc4 58. Nd4 b3 59. Nxb3 Kxb3 60. Ke5 Kc4 61. Ke6 Nc6 62. f5 Nd4+ 63. Ke5 Nf3+ 64. Kf4 Nd4 65. f6 Ne6+ 66. Ke5 Nf8 67. Kd6 Kd4 68. Ke7 Ke5 69. f7 Ne6 70. f8=Q Nxf8 71. Kxf8 Kf6 72. Kg8 h6 73. Kf8 Kg5 74.
Ke7 Kxh5 75. Ke6 Kg4 76. Ke5 h5 77. Ke4 h4 78. Ke3 Kg3 79. Ke2 Kg2 80. Ke3 h3 81. Kf4 h2 0-1

[Event "Late-Titled-Tuesday-Blitz-April-16-2024"]
[Site "Chess.com"]
[Date "2024.04.16"]
[Round "11"]
[White "mishanick"]
[Black "kleinebeer98"]
[Result "0-1"]
[WhiteElo "3034"]
[BlackElo "2914"]
[TimeControl "180+1"]
[EndTime "16:07:15 PDT"]
[Termination "kleinebeer98 won by resignation"]

1. d4 Nf6 2. c4 a6 3. Nc3 b5 4.
e3 bxc4 5. Bxc4 e6 6. Nf3 Bb7 7. O-O Be7 8. b3 O-O 9. Bb2 d5 10. Bd3 Nbd7 11. Rc1 c5 12. Qe2 Qa5 13. Bb1 Rfc8 14.
Na4 c4 15. Bc3 Qd8 16. bxc4 Rxc4 17. Nb2 Rc6 18. Ne5 Nxe5 19. dxe5 Nd7 20. Bd4 Rac8 21. Rxc6 Rxc6 22. Nd3 a5 23. Rd1 Ba6 24. Qg4 Nf8 25. g3 Ng6 26. h4 Nf8 27. h5 Rc4 28. Nf4 h6 29. Bd3 Rc6 30. Bxa6 Rxa6 31. Rb1 Nh7 32. Qe2 Rc6 33. Qb5 Rc2 34. Qa4 Qc8 35. Kg2 Ng5 36.
Ba7 Qc4 37. Rb8+ Kh7 38. Qxc4 dxc4 39. a4 Bb4 40. Rb7 c3 41. Rc7 Rd2 42. e4 Nxe4 43. Be3 Ra2 44. Rxf7 Bc5 45. Bxc5 Nxc5 46. Rc7 Ne4 47.
Ng6 Rxf2+ 48. Kh3 Ng5+ 49. Kg4 Ra2 50. Rxc3 Rxa4+ 51. Nf4 Re4 52. Rc5 a4 53. Ra5 Nf7 54. Ra8 Nxe5+ 55. Kh3 Rb4 56. Nxe6 Nf7 57. Nf8+ Kg8 58.
Ng6+ Kh7 59. Rf8 Rb7 60. Ra8 Ng5+ 61. Kh4 Nf7 62. Kh3 Ng5+ 63. Kg2 Nf7 64. Rxa4 Rb5 65. g4 Ne5 66. Ne7 Rb2+ 67. Kg3 Rb3+ 68. Kf4 Nd3+ 69.
Kf5 Rb5+ 70. Nd5 Rxd5+ 71. Ke4 Nc5+ 72. Kxd5 Nxa4 73. Ke5 Kg8 74. Kf5 Kf7 75. g5 Nc5 76. g6+ Ke7 77. Ke5 Nd7+ 78. Kf5 Nf6 79. Kf4 Nxh5+ 80.
Kf5 Nf6 81. Kf4 Ke6 82. Kg3 Kf5 0-1

[Event "Late-Titled-Tuesday-Blitz-April-16-2024"]
[Site "Chess.com"]
[Date "2024.04.16"]
[Round "11"]
[White "TheAlienParty"]
[Black "rionelG"]
[Result "1-0"]
[WhiteElo "2408"]
[BlackElo "2210"]
[TimeControl "180+1"]
[EndTime "16:07:21 PDT"]
[Termination "TheAlienParty won by resignation"]

1. Nf3 c5 2. b3 Nc6 3. e3 Nf6 4. Bb2 g6 5. d4 Bg7 6. dxc5 Qa5+ 7. Nbd2 Qxc5 8. c4 O-O 9. Bd3 a5 10. O-O d6 11. Qe2 Qh5 12. Nd4 Bg4 13. f3 Bd7 14. Nb5 a4 15. Ne4 Nxe4 16. Bxg7 Kxg7 17. Bxe4 axb3 18. axb3 Qc5 19. Nc7 Rxa1 20. Rxa1 f5 21. Bxc6 Qxc6 22. Nd5 e6 23. Qb2+ e5 24. Rd1 Ra8 25.
f4 Qc5 26. fxe5 dxe5 27. Qxe5+ Kh6 28. Qc7 Bc6 29. Qf4+ Kg7 30. Qe5+ Kh6 31. h4 Ra2 32.
h5 Bxd5 33. cxd5 Qc2 34. Qf4+ Kxh5 35. Qf3+ Kh6 36. d6 Ra8 37. d7 Rd8 38. Rd4 Qc1+ 39. Kh2 Qc7+ 40. Kh3 Rxd7 41. Rh4+ Kg7 42. Qf4 Qxf4 43.
Rxf4 Rd3 44. Rb4 Rxe3+ 45. Kh4 Re7 46. Kg3 h6 47. Kf4 Rc7 48. g4 Re7 49. gxf5 g5+ 50. Kg4 Kf6 51. Rb6+ Kf7 52. Rxh6 Re4+ 53. Kxg5 Rb4 54.
Rh7+ Kg8 55. Rc7 Rxb3 56. Kg6 Rg3+ 57. Kf6 Rb3 58. Rc8+ Kh7 59. Kf7 Rd3 60. f6 Rd7+ 61. Kf8 Kg6 62. Ke8 Rf7 63. Rc1 Rxf6 64. Rg1+ Kf5 65.
Rf1+ Ke6 66. Rb1 Kd5 67. Rb5+ Kc6 68. Rb1 b5 69. Rc1+ Kb6 70. Kd7 b4 71. Ke7 Kb5 72. Kxf6 Ka4 73. Ke5 Ka3 74. Kd4 b3 75. Kc3 b2 76.
Rb1 Ka2 77. Kc2 Ka3 78. Rxb2 1-0

[Event "Late-Titled-Tuesday-Blitz-April-16-2024"]
[Site "Chess.com"]
[Date "2024.04.16"]
[Round "11"]
[White "divudis17"]
[Black "N_I_Chess"]
[Result "0-1"]
[WhiteElo "2538"]
[BlackElo "2398"]
[TimeControl "180+1"]
[EndTime "16:07:28 PDT"]
[Termination "N_I_Chess won on time"]

1. e4 Nf6 2. e5 Nd5 3. d4 d6 4. c4 Nb6 5. f4 g6 6. Be3 Bg7 7. Nc3 dxe5 8. fxe5 c5 9. d5 Bxe5 10. Nf3 Bg7 11. Bxc5 Bg4 12. Bd4 f6 13. h3 Bc8 14. Qb3 O-O 15. c5 N6d7 16. c6 Nb6 17. d6+ Kh8 18. c7 Qxd6 19. cxb8=Q Rxb8 20. O-O-O Be6 21. Qa3 Qf4+ 22. Kb1 Bf5+ 23. Bd3 e5 24. Bxb6 axb6 25. Bxf5 Qxf5+ 26. Ka1 Qe6 27. Qb3 Qc6 28. Rhe1 Rbe8 29.
Qd5 Re6 30. Qxc6 bxc6 31. Na4 c5 32. Nc3 f5 33. Ng5 Re7 34. Nd5 Rb7 35. Ne6 Re8 36. Ndc7 Rc8 37. Rd7 Bf8 38. Red1 Kg8 39. Rd8 Rbb8 40.
Rxc8 Rxc8 41. Nxf8 Kxf8 42. Nd5 Rd8 43. Ne3 Re8 44.
Nc4 e4 45. Nxb6 e3 46. Re1 f4 47. Kb1 g5 48. Kc2 Kg7 49. a4 Kg6 50. a5 Rb8 51. Kc3 Kf5 52. Kc4 Ke4 53. Kxc5 h5 54. a6 g4 55. hxg4 hxg4 56. a7 Re8 57. a8=Q+ Rxa8 58. Nxa8 f3 59. gxf3+ gxf3 60. b4 f2 61. Ra1 e2 62. b5 e1=Q 63. Rxe1+ fxe1=Q 64. b6 Qc1+ 65. Kd6 Qb2 66. Kc7 Qc3+ 67. Kb8 Qh8+ 68. Ka7 Qa1+ 69. Kb8 Kd5 70. Kb7 Qg7+ 71. Nc7+ Kd6 72. Ka6 Qd7 73.
Nb5+ Kc5 74. Nc7 Qc6 0-1

[Event "Late-Titled-Tuesday-Blitz-April-16-2024"]
[Site "Chess.com"]
[Date "2024.04.16"]
[Round "11"]
[White "stollenmonster"]
[Black "marcodobrikov"]
[Result "0-1"]
[WhiteElo "2876"]
[BlackElo "2642"]
[TimeControl "180+1"]
[EndTime "16:07:34 PDT"]
[Termination "marcodobrikov won by resignation"]

1. e4 d5 2. Nc3 dxe4 3. Nxe4 Nd7 4. d4 Ngf6 5. Bd3 Nxe4 6. Bxe4 Nf6 7. Bf3 c6 8. Ne2 Bf5 9. O-O e6 10. c4 Be7 11.
Nc3 O-O 12. Re1 Qa5 13. Qb3 Qb6 14. d5 Qxb3 15. axb3 cxd5 16. cxd5 Bc5 17. Be3 Bxe3 18. Rxe3 exd5 19. Nxd5 Nxd5 20. Bxd5 a5 21. Bxb7 Rab8 22. Bd5 Rfd8 23. Bc4 Be6 24. Bxe6 fxe6 25. g3 Rd5 26. Rc1 Rdb5 27. Rcc3 R8b7 28. Kf1 Kf7 29. Ke2 Ke7 30.
Kd2 Rd7+ 31. Red3 Rdb7 32. Kc2 Rf5 33. Rf3 Rd5 34. Rfd3 Rf5 35. f4 Rfb5 36. Rc4 g6 37. Rdc3 Kf6 38. Rc6 a4 39. Re3 Rxb3 40. Rcxe6+ Kf7 41. R3e5 Rxb2+ 42. Kd3 Rxh2 43. Ra6 Rg2 44. Rxa4 Rxg3+ 45.
Ke4 Rg1 46. Kf3 h5 47. Kf2 Rg4 48. Rea5 Rb2+ 49. Kf3 Kg7 50. Ra8 Rb7 51. R4a7 Rxa7 52.
Rxa7+ Kh6 53. Ra6 Rg1 54. Kf2 Rg4 55. Kf3 Kg7 56. Ra7+ Kf6 57. Ra6+ Kf5 58. Ra5+ Ke6 59. Ra6+ Kd5 60. Ra5+ Kc6 61. f5 g5 62. f6 Kd7 63.
Rf5 Ke8 64. f7+ Kf8 65. Rf6 Ra4 66. Rh6 Rf4+ 67. Ke3 h4 68. Rh5 Rg4 69. Rh7 Rg3+ 70. Ke4 h3 71. Kf5 g4 72. Kg6 Rf3 73. Rh8+ Ke7 74. Rh7 Rf6+ 75. Kg5 Rxf7 76. Rh4 Rg7+ 77. Kf4 g3 78. Rxh3 g2 79. Re3+ Kf8 0-1

[Event "Late-Titled-Tuesday-Blitz-April-16-2024"]
[Site "Chess.com"]
[Date "2024.04.16"]
[Round "11"]
[White "Jospem"]
[Black "Msb2"]
[Result "1/2-1/2"]
[WhiteElo "3057"]
[BlackElo "3022"]
[TimeControl "180+1"]
[EndTime "16:07:36 PDT"]
[Termination "Game drawn - insufficient material"]

1. c4 e6 2. Nf3 d5 3. g3 Nf6 4. Bg2 Nc6 5. cxd5 exd5 6. O-O Bd6 7. b3 O-O 8. Bb2 Re8 9. d3 Bg4 10.
Nbd2 Ne5 11. Rc1 c6 12. a3 a5 13. Re1 Qe7 14. Nxe5 Bxe5 15. Bxe5 Qxe5 16. Qc2 Qd6 17. Nb1 Re7 18. e4 Rae8 19. f3 Bh5 20. Qc3 Qc7 21.
Kh1 Bg6 22. Nd2 h5 23. b4 axb4 24. axb4 Qd8 25. Nf1 h4 26. Kg1 Nh5 27. Qc5 hxg3 28. hxg3 Rd7 29. b5 cxb5 30. Qxb5 dxe4 31. dxe4 Nf6 32.
Ne3 Rd2 33. Qb4 Nh5 34. Nf1 Ra2 35. Ra1 Rxa1 36. Rxa1 Qg5 37. Qe1 Qe7 38. Qf2 Nf6 39. Rb1 Qc7 40. Ne3 Rd8 41. Nf1 Rd3 42. Qb6 Rd7 43.
Qxc7 Rxc7 44. g4 Nd7 45. f4 f6 46. Ne3 Bf7 47. Nf5 Kf8 48. Nd6 b6 49. Ra1 g6 50. Nb5 Rc5 51. Nd4 Rc4 52. Nb5 Nc5 53. Nd6 Ra4 54. Rb1 Be6 55. Rxb6 Bxg4 56. e5 fxe5 57.
fxe5 Nd3 58. Ne4 Nxe5 59. Rb8+ Kg7 60. Rb7+ Kh6 61. Nf6 Bf5 62. Nd5 Ra1+ 63. Kh2 Ra2 64. Ne3 Ng4+ 65. Nxg4+ Bxg4 66. Kg3 Bf5 67. Rb4 Kg5 68. Rb3 Rd2 69. Bf3 Ra2 70. Rc3 Ra4 71.
Rb3 Rc4 72. Ra3 Rb4 73. Rc3 Kf6 74. Rc6+ Kg5 75. Rc3 Rb6 76. Ra3 Kf6 77. Rc3 Bd7 78. Rd3 Be6 79. Rc3 Rb4 80. Ra3 g5 81. Rc3 g4 82. Be2 Bf5 83. Rc4 Rb3+ 84. Kf4 g3 85. Bf3 Be6 86. Rc6 Ke7 87. Rc1 Ra3 88. Rg1 Kf6 89.
Rxg3 Bd5 90. Bxd5 Rxg3 91. Kxg3 1/2-1/2

[Event "Late-Titled-Tuesday-Blitz-April-16-2024"]
[Site "Chess.com"]
[Date "2024.04.16"]
[Round "11"]
[White "Nf3c5"]
[Black "dosto07"]
[Result "1-0"]
[WhiteElo "2648"]
[BlackElo "2509"]
[TimeControl "180+1"]
[EndTime "16:08:27 PDT"]
[Termination "Nf3c5 won by checkmate"]

1. e4 e5 2. Nf3 Nc6 3. Nc3 Nf6 4.
h3 g6 5. d4 exd4 6. Nxd4 Bg7 7. Nxc6 bxc6 8. Bd3 O-O 9. O-O d6 10. f4 Rb8 11. Rb1 Nh5 12. Bd2 Bd4+ 13. Kh2 Re8 14.
Qf3 Qh4 15. b3 Nf6 16. Be1 Qh6 17. Ne2 Bb6 18. f5 gxf5 19. exf5 Re3 20. Qf4 Qg7 21. Bh4 Bd7 22. Qg5 Ne8 23. f6 Qxg5 24. Bxg5 Re5 25.
h4 d5 26. Nf4 Nd6 27. Rbe1 Rbe8 28. Rxe5 Rxe5 29. Ne2 Bf5 30. Ng3 Bxd3 31. cxd3 Be3 32. Bxe3 Rxe3 33. d4 Ne4 34. Nf5 Rd3 35. Ne7+ Kf8 36.
Nxc6 Ke8 37. Rf5 Kd7 38. Nb4 Rxd4 39. Nxd5 Ke6 40. Ne3 Rd3 41. Rf3 Ke5 42. Ng4+ Kd4 43. Rxd3+ Kxd3 44. Kh3 h5 45. Ne5+ Kd4 46. Nxf7 Nxf6 47.
Ng5 Kc3 48. Ne6 c6 49. Nd8 c5 50. Ne6 c4 51. bxc4 Kxc4 52. Kg3 a5 53. Kf4 a4 54.
Kg5 Ne4+ 55. Kxh5 Nc3 56. a3 Nb5 57. g4 Nxa3 58. g5 Nb5 59. g6 Nd6 60. g7 a3 61.
g8=Q a2 62. Nf4+ Kd4 63. Qd5+ Ke3 64. Qxa2 Kxf4 65. Qe6 Nf5 66. Kg6 Nxh4+ 67. Kf6 Nf3 68. Qc4+ Ke3 69. Kf5 Nd4+ 70. Kg4 Ne2 71. Qb3+ Kd2 72.
Qb2+ Ke3 73. Kf5 Nd4+ 74. Kg5 Nf3+ 75. Kf6 Nd4 76. Qc3+ Ke4 77. Qc4 Ke3 78. Ke5 Nf3+ 79.
Kd5 Nd2 80. Qc3+ Ke2 81. Qc2 Ke3 82. Ke5 Nf3+ 83. Kd5 Kf4 84. Qe4+ Kg3 85. Qe8 Kf2 86. Ke4 Nd2+ 87. Kd3 Nf3 88. Qf7 Kg3 89. Ke3 Ng5 90. Qg6 Kg4 91. Qg7 Kf5 92. Kd3 Kf4 93. Qg6 Kg4 94. Kd4 Kf4 95. Kd5 Nf3 96. Qe4+ Kg3 97.
Qh7 Kf4 98. Qf7+ Ke3 99. Qf5 Nd2 100. Qg5+ Kd3 101. Qg3+ Kc2 102. Kd4 Nb3+ 103. Ke4 Nd2+ 104. Kd5 Nb3 105. Kc4 Nd2+ 106. Kb4 Kd1 107. Qe3 Kc2 108. Qd4 Kd1 109. Kc3 Ke1 110. Qxd2+ Kf1 111. Kd3 Kg1 112. Ke3 Kh1 113. Kf3 Kg1 114. Qg2# 1-0